Unix NetHack Version 5.0.0-0 post-release - last build Jun 10 2026 00:39:30 (3ee93aec679c4c4259841fe613dc97188e26a321,branch:main).

Game began 2026-06-11 11:38:02, ended 2026-06-11 11:53:48.

LDaviesPeters, neutral female human Archeologist

                                                                    --------
                              ---------------    ---------------    |......|
                              -.............-##  |..............#   |......|
                              |.............| ###..............|#   |......|
                              |.............|    |.........)...|#   |......|
                              |.............|    ---------------#   |......|
                              ---------.-----                   ####-......|
                                       ##                      ###  --------
                                        ##                    ###
                                         ####                ## #
                                            #                #
                                            ###              ##
                                              d              ##-----------
                                             -|-             ##|{........|
                                            ..|.|             #|.(.......|
                                          |...|..             #|....<....|
                                          |>..|.|             )..........|
                                          ----|--              -----------

LDaviesPeters the Field Worker  St:18 Dx:11 Co:13 In:12 Wi:14 Ch:9  Neutral
Dlvl:5  $:20 HP:0(26) Pw:14(14) AC:6  Xp:3 T:1796 

Latest messages:
 There is an iguana corpse here; eat it? [ynq] (n) y
 This iguana corpse tastes okay.
 You finish eating the iguana corpse.
 You hear the chime of a cash register.
 The fox bites!
 It misses the fox.
 You miss the fox.
 The fox bites!
 It misses the fox.
 It bites the fox.
 The fox is killed!
 You descend the stairs.
 A crude dagger misses you.
 The hobgoblin hits!
 You miss the hobgoblin.
 The hobgoblin hits!
 You lash the hobgoblin!
 You miss the hobgoblin.
 The hobgoblin hits!
 You miss the hobgoblin.
 The hobgoblin misses!
 You kill the hobgoblin!
 You see here a hobgoblin corpse.
 Your little dog eats a hobgoblin corpse.
 An arrow shoots out at you!
 You are almost hit by an arrow.
 You see here 2 apples.
 F - 2 apples.
 You hear the footsteps of a guard on patrol.
 You find a hidden door.
 The door resists!
 The door resists!
 The door opens.
 You hear water falling on coins.
 You see here a tripe ration.
 G - a tripe ration.
 You swap places with your little dog.
 You swap places with your little dog.
 What do you want to use or apply? [abfgilpux or ?*] ?
 Improvise? [ynq] (q) y
 You start playing your horn.
 In what direction? 2
 A bolt of fire blasts out of the horn!
 You kill the floating eye!
 The bolt of fire bounces!
 The bolt of fire hits you!
 Your leather jacket smoulders!
 Your scroll of teleportation catches fire and burns!
 You die...
 Do you want your possessions identified? [ynq] (y) q

Inventory:
 Coins    ('$')
  $ - 20 gold pieces
 Weapons  (')')
  a - a +2 bullwhip (weapon in right hand)
 Armor    ('[')
  c - an uncursed +0 fedora
  o - an uncursed +0 orcish helm (being worn)
  E - a blessed +0 pair of iron shoes (being worn)
  h - an uncursed burnt +0 leather jacket (being worn)
 Comestibles  ('%')
  r - an uncursed slime mold
  F - 2 uncursed apples
  d - 4 uncursed food rations
  n - an uncursed lembas wafer
  G - an uncursed tripe ration
  D - an uncursed tin of dried little dog meat
 Rings    ('=')
  k - a cursed ring of polymorph named Cursed
 Wands    ('/')
  x - a wand of create monster (0:14)
 Tools    ('(')
  b - an uncursed sack containing 8 items
  l - a bag of tricks (0:14)
  u - a fire horn (0:5)
  i - a magic marker (0:21)
  p - a +0 pick-axe (alternate weapon; not wielded)
  f - a tinning kit (0:67)
 Gems/Stones  ('*')
  C - 2 uncursed agate stones
  s - an uncursed chrysoberyl stone
  g - an uncursed touchstone

Contents of the sack:
  135 gold pieces
  a blessed scroll of confuse monster
  an uncursed scroll of create monster
  an uncursed scroll of enchant weapon
  an uncursed scroll of light
  a cursed potion of healing
  an uncursed potion of healing
  a cursed potion of paralysis

LDaviesPeters the Archeologist's attributes:

Background:
 You were a Field Worker, a level 3 female human Archeologist.
 You were neutral, on a mission for Camaxtli
 who was opposed by Quetzalcoatl (lawful) and Huhetotl (chaotic).
 You were right-handed.
 You were in the Dungeons of Doom, on level 5.
 You entered the dungeon 1796 turns ago.
 You had 72 experience points, 8 more were needed to attain level 4.

Basics:
 You had 0 out of 26 hit points.
 You had all 14 energy points (spell power).
 Your armor class was 7.
 Your wallet contained 20 zorkmids, and
 you had 135 more stashed away in your pack.
 Autopickup was off.

Final Characteristics:
 Your strength was 18 (limit:18/100).
 Your dexterity was 11 (limit:18).
 Your constitution was 13 (limit:18).
 Your intelligence was 12 (limit:18).
 Your wisdom was 14 (limit:18).
 Your charisma was 9 (limit:18).

Final Status:
 You weren't hungry.
 You were unencumbered.
 You were wielding a whip.
 You had basic skill with whip.

Final Attributes:
 You were devoutly aligned.
 You had automatic searching.
 You are dead.

Miscellaneous:
 You didn't encounter any bones levels.
 Total elapsed playing time was 15 minutes and 45 seconds.

Major events:
 Turn
    1: LDaviesPeters the neutral female human Archeologist entered the dungeon
  374: entered the Gnomish Mines
 1360: attained the rank of Field Worker (level 3)
 1796: killed by a bolt of fire played by herself

You didn't know any spells.

Skills:
 Fighting Skills
   bare handed combat [Unskilled]
   two weapon combat  [Unskilled]
   riding             [Unskilled]
 Weapon Skills
   dagger             [Unskilled]
   knife              [Unskilled]
   pick-axe           [Basic]
   short sword        [Unskilled]
   saber              [Unskilled]
   club               [Unskilled]
   quarterstaff       [Unskilled]
   sling              [Unskilled]
   dart               [Unskilled]
   boomerang          [Unskilled]
   whip               [Basic]
   unicorn horn       [Unskilled]
 Spellcasting Skills
   attack spells      [Unskilled]
   healing spells     [Unskilled]
   divination spells  [Unskilled]
   matter spells      [Unskilled]

Voluntary challenges:
 Character rerolling was not enabled.
 You never genocided any monsters.
 You never polymorphed an object.
 You never changed form.
 You used no wishes.
Achievements:
 You entered the Gnomish Mines.
 You attained the rank of Field Worker.

 The Dungeons of Doom: levels 1 to 5
    Level 1:
    Level 2:
       Stairs down to The Gnomish Mines.
    Level 3:
       An altar to Camaxtli, a fountain.
    Level 4:
    Level 5: <- You were here.
       A fountain.
       Final resting place for
          you, killed by a bolt of fire played by yourself.
 The Gnomish Mines:
    Level 3:


Vanquished creatures:
  a floating eye
 an iguana
  a hobbit
  a hobgoblin
  2 giant rats
  a cave spider
  a yellow mold
  a gnome zombie
  2 geckos
  a jackal
  3 foxes
  a goblin
  2 sewer rats
  3 grid bugs
  2 lichens
  a kobold zombie
  8 newts
32 creatures vanquished.

No species were genocided or became extinct.

Game over:
                       ----------
                      /          \
                     /    REST    \
                    /      IN      \
                   /     PEACE      \
                  /                  \
                  |  LDaviesPeters   |
                  |      155 Au      |
                  | killed by a bolt |
                  |  of fire played  |
                  |    by herself    |
                  |                  |
                  |       2026       |
                 *|     *  *  *      | *
        _________)/\\_//(\/(/\)/\//\/|_)_______

Goodbye LDaviesPeters the Archeologist...

You died in The Dungeons of Doom on dungeon level 5 with 648 points,
and 155 pieces of gold, after 1796 moves.
You were level 3 with a maximum of 26 hit points when you died.

